 Dungeon Crawl Stone Soup version 0.32-a0-558-g233958a4c4 (webtiles) character file.

Game seed: 259225919964642313

1990 Dirtsage the Cleaver (level 9, 67/67 HPs)
             Began as a Demonspawn Berserker on Mar 1, 2024.
             Was a Priest of Trog.
             Quit the game on level 8 of the Dungeon.
             The game lasted 00:09:28 (5175 turns).

Dirtsage the Cleaver (Demonspawn Berserker)         Turns: 5175, Time: 00:09:29

Health: 67/67      AC: 13    Str: 22    XL:     9   Next: 1%
Magic:  9/9        EV: 12    Int:  7    God:    Trog [***...]
Gold:   157        SH:  4    Dex: 13    Spells: 8/8 levels left

rFire   . . .        a - +0 hand axe
rCold   . . .        p - +0 buckler
rNeg    . . .        f - +0 ring mail
rPois   .            (helmet restricted)
rElec   .            r - +0 cloak
rCorr   .            A - +2 pair of gloves
SInv    .            (no boots)
Will    .....        (no amulet)
Stlth   +            (no ring)
HPRegen 0.31/turn    (no ring)
MPRegen 0.11/turn

%: no passive effects
@: wreathed by umbra
A: horns 2, molten scales 2, powered by pain 1, foul shadow 1
a: Renounce Religion, Berserk, Trog's Hand


You were on level 8 of the Dungeon.
You worshipped Trog.
Trog was most pleased with you.
You visited 2 branches of the dungeon, and saw 7 of its levels.

You collected 311 gold pieces.
You spent 154 gold pieces at shops.

Inventory:

Hand Weapons
 a - a +0 hand axe (weapon)
 s - the +6 hammer "Hiaghy" {holy, Int+3 Dex+2}
   (You found it on level 3 of the Dungeon)

   Int+3:     It affects your intelligence (+3).
   Dex+2:     It affects your dexterity (+2).
Armour
 f - a +0 ring mail (worn)
 p - a +0 buckler (worn)
 r - a +0 cloak (worn)
 A - a +2 pair of gloves (worn)
Jewellery
 e - a ring of ice
Wands
 b - a wand of acid (10)
 o - a wand of mindburst (11)
Scrolls
 c - 2 scrolls of enchant weapon {unknown}
 g - 2 scrolls of fear
 i - a scroll of identify
 j - a scroll of summoning {unknown}
 n - a scroll of immolation {unknown}
 t - 2 scrolls of teleportation
 v - a scroll of blinking {unknown}
 y - a scroll of vulnerability {unknown}
Potions
 d - a potion of might
 h - a potion of degeneration
 k - a potion of invisibility
 l - a potion of heal wounds
 m - 2 potions of berserk rage
 q - 3 potions of curing
 u - 4 potions of lignification {unknown}
 w - a potion of magic {unknown}
 z - a potion of brilliance {unknown}


   Skills:
 + Level 4.8 Fighting
 * Level 8.7 Axes
 + Level 3.8 Armour
 + Level 3.7 Dodging
 + Level 3.1 Shields


You had 8 spell levels left.
You didn't know any spells.
Your spell library contained the following spells:

 Spells                   Type           Power      Damage    Failure   Level
 Apportation              Tloc           0%         N/A       65%         1
 Necrotise                Necr           0%         1d4       65%         1
 Shock                    Conj/Air       0%         1d3       65%         1
 Sting                    Conj/Alch      0%         1d3       65%         1
 Summon Small Mammal      Summ           0%         N/A       65%         1
 Static Discharge         Conj/Air       0%         3-3/arc   80%         2
 Inner Flame              Hex/Fire       0%         N/A       95%         3
 Swiftness                Air            0%         N/A       95%         3
 Airstrike                Air            0%         2d(0-16)  100%        4
 Flame Wave               Conj/Fire      0%         2d4       100%        4
 Sticky Flame             Fire/Alch      0%         2d4       100%        4
 Summon Lightning Spire   Summ/Air       0%         N/A       100%        4


Dungeon Overview and Level Annotations

Branches:
Dungeon (5/15)             Temple (1/1) D:5

Altars:
Cheibriados
Dithmenos
Fedhas
Gozag
Hepliaklqana
Kikubaaqudgha
Makhleb
Okawaru
Ru
Sif Muna
Trog
Uskayaw
Wu Jian
Yredelemnul

Shops:
D:1 =   D:4 ?*


Innate Abilities, Weirdness & Mutations

You have a pair of horns on your head.
You are mostly covered in molten scales. (AC +3)
You sometimes gain a little power by taking damage.
You are faintly shadowed, very rarely releasing foul flame when damaged in melee.


Message History

The orc hits you but does no damage.
You hit the orc.
You kill the orc!
Trog accepts your kill.
You have reached level 9!
Your experience leads to an increase in your attributes!
Increase (s)trength, (i)ntelligence, or (d)exterity?
You feel stronger. x2; Your demonic ancestry asserts itself...
Your body darkens with foul flame.
Health restored: 67; MP restored: 9
Things that are here:
a +0 falchion; a +0 scale mail; an orc corpse You hit the orc priest.
The orc priest is moderately wounded.
You block the orc priest's attack.
You slash the orc priest!
The orc priest is almost dead.
The orc priest miscasts a cantrip.
The orc priest hits you with a +0 club.
You take 3 damage, and have 64/67 hp.
You hit the orc priest.
The orc priest is almost dead.
You feel yourself speed up.
The orc priest mumbles some strange prayers to Beogh against you.
Beogh smites you!
You take 10 damage, and have 54/67 hp.
You hit the orc priest.
You kill the orc priest!
Trog accepts your kill.
You hit the orc but do no damage. The orc barely misses you.
You closely miss the orc. You headbutt the orc.
You kill the orc!
Trog accepts your kill.
No target in view!
No target in view!
You recover from your berserk rage.
HP restored.
Found a stone staircase leading down.
Health restored: 67 Are you sure you want to abandon this character and quit the game? (Confirm with "yes".)

.#.....#....#.....#
.'.....#...)#.....#
#.....#....###+##..
#.....#....# ...
#.....#....# ...
#.....#....# ..
###....)#....#
.......))###.#
.......@.+ ###
........##
........# .......##
....... >......
....... .......


There were no monsters in sight!

Vanquished Creatures
  A two-headed ogre (D:5)
  Psyche (D:8)
  Grinder (D:3)
  Sigmund (D:2)
  2 black bears
  A weeping skull (D:3)
  3 scorpions
  A bombardier beetle (D:5)
  Crazy Yiuf (D:3)
  2 orc priests
  Terence (D:3)
  2 iguanas
  An orc wizard (D:5)
  A gnoll (D:1)
  8 adders
  A white imp (D:5)
  4 dart slugs
  A ribbon worm (D:2)
  4 orcs
  7 ball pythons
  6 endoplasms
  3 giant cockroaches (D:1)
  3 goblins
  14 hobgoblins
  7 jackals
  7 kobolds
  4 quokkas
  6 bats
  3 frilled lizards
  6 rats
  A spectral orc (D:3)
104 creatures vanquished.

Notes
Turn   | Place    | Note
-------+----------+-------------------------------------------
     0 | D:1      | Dirtsage the Demonspawn Berserker began the quest for the
                  | Orb.
     0 | D:1      | Reached XP level 1. HP: 18/18 MP: 1/1
   113 | D:1      | Reached skill level 3 in Axes
   240 | D:1      | Found Reinoxku's Jewellery Shop.
   309 | D:1      | Gained mutation: You sometimes gain a little power by
                  | taking damage. [demonic ancestry]
   309 | D:1      | Reached XP level 2. HP: 24/24 MP: 2/2
   485 | D:1      | Found a faded altar of an unknown god.
   826 | D:1      | Gained mutation: You are partially covered in molten
                  | scales. (AC +2) [demonic ancestry]
   826 | D:1      | Reached XP level 3. HP: 6/29 MP: 3/3
  1095 | D:1      | Reached skill level 4 in Axes
  1614 | D:2      | Reached ** piety under Trog
  1671 | D:2      | Noticed Sigmund
  1678 | D:2      | Killed Sigmund
  1679 | D:2      | Reached skill level 5 in Axes
  1679 | D:2      | Gained mutation: You have a pair of small horns on your
                  | head. [demonic ancestry]
  1679 | D:2      | Reached XP level 4. HP: 35/35 MP: 4/4
  1679 | D:2      | Gained mutation: You are mostly covered in molten scales.
                  | (AC +3) [demonic ancestry]
  1679 | D:2      | Reached XP level 5. HP: 41/41 MP: 5/5
  2083 | D:3      | Reached skill level 6 in Axes
  2164 | D:3      | Noticed Grinder
  2176 | D:3      | Paralysed by Grinder for 5 turns
  2181 | D:3      | Killed Grinder
  2182 | D:3      | Reached skill level 7 in Axes
  2182 | D:3      | Reached XP level 6. HP: 25/47 MP: 6/6
  2512 | D:3      | Noticed Terence
  2523 | D:3      | Killed Terence
  2650 | D:3      | Found a basalt altar of Yredelemnul.
  2669 | D:3      | Reached XP level 7. HP: 41/52 MP: 7/7
  3182 | D:3      | Found a runed translucent door.
  3183 | D:3      | Noticed Crazy Yiuf
  3190 | D:3      | Killed Crazy Yiuf
  3207 | D:3      | Identified the +6 hammer "Hiaghy" {holy, Int+3 Dex+2}
  3254 | D:4      | Found Heuniuk's Overcharged Wands.
  3392 | D:4      | Reached skill level 1 in Shields
  3420 | D:4      | Reached *** piety under Trog
  3426 | D:4      | Found Royff's Magic Scroll Boutique.
  3434 | D:4      | Bought a scroll of identify for 22 gold pieces
  3434 | D:4      | Bought a scroll of identify for 22 gold pieces
  3434 | D:4      | Bought a scroll of identify for 22 gold pieces
  3434 | D:4      | Bought a scroll of identify for 22 gold pieces
  3434 | D:4      | Bought a scroll of identify for 22 gold pieces
  3434 | D:4      | Bought a scroll of fear for 44 gold pieces
  3965 | D:5      | Entered Level 5 of the Dungeon
  4563 | D:5      | Gained mutation: You have a pair of horns on your head.
                  | [demonic ancestry]
  4563 | D:5      | Reached XP level 8. HP: 45/60 MP: 8/8
  4910 | D:5      | Noticed a two-headed ogre
  4922 | D:5      | Killed a two-headed ogre
  4923 | D:5      | Reached skill level 8 in Axes
  4972 | D:5      | Found a staircase to the Ecumenical Temple.
  4977 | Temple   | Entered the Ecumenical Temple
  5090 | D:5      | You fall into a shaft and drop 3 floors!
  5100 | D:8      | Noticed Psyche
  5110 | D:8      | Killed Psyche
  5128 | D:8      | Gained mutation: You are faintly shadowed, very rarely
                  | releasing foul flame when damaged in melee. [demonic
                  | ancestry]
  5128 | D:8      | Reached XP level 9. HP: 67/67 MP: 9/9
  5175 | D:8      | Quit the game

Illustrated notes

Levels and vault maps discovered:
D:1:      mrwooster_arrival_statue_2, layout_basic, serial_shops,
          nicolae_shop_advertising_works [nicolae_subvault_shop_adworks],
          serial_corexii_hall, corexii_hall_statues_x, corexii_hall_statues_i,
          corexii_hall_statues_deadend, hellmonk_ecumenical_altar_zigzags,
          chequers_hall_statues_y, minmay_close_crescents
D:2:      layout_basic, uniq_sigmund
D:3:      layout_basic, yredelemnul_forgotten_temple_becter,
          uniq_crazy_yiuf_cottage, uniq_terence, uniq_grinder
D:4:      layout_rooms, lemuel_doored_altar, serial_shops, nicolae_shop_crystal,
          nicolae_shop_overcharged_wands
D:5:      layout_basic, nemelex_dance_club_becter, temple_doors_cd,
          cheibrodos_gnoll_hut
D:8:      layout_gridville, xom_butterflies, serial_shops,
          nicolae_shop_rolling_square, uniq_psyche
Temple:   minmay_freezing_vapour_temple

Skill      XL: |  1  2  3  4  5  6  7  8 |
---------------+-------------------------+-----
Axes           | 3 5 7 8 |  8.7
Armour         | 2 3 |  3.8
Dodging        | 2 3 |  3.7
Shields        | 1 3 |  3.1
Fighting       | 4 |  4.8

Action                     |  1- 3 |  4- 6 |  7- 9 || total
---------------------------+-------+-------+-------++-------
  Melee: Hand axe          |   138 |    68 |   211 ||   417
         Headbutt          |       |    20 |    31 ||    51
 Invoke: Berserk           |     2 |     1 |     4 ||     7
  Evoke: Wand              |       |       |     5 ||     5
    Use: Scroll            |       |       |     7 ||     7
 Armour: Animal skin       |    19 |       |       ||    19
         Ring mail         |    59 |    35 |   140 ||   234
  Dodge: Dodged            |    74 |    25 |    93 ||   192
  Block: Buckler           |       |     1 |    35 ||    36

Table legend: (Time is in decaauts)
 A = Elapsed time spent in this place.
 B = Non-inter-level travel time spent in this place.
 C = Inter-level travel time spent in this place.
 D = Time resting spent in this place.
 E = Time spent auto-exploring this place.
 F = Levels seen in this place.
 G = Mean time per level.
                   A        B        C        D        E       F      G
               +--------+--------+--------+--------+--------+-----+--------+
         Total |   5249 |   5080 |    169 |    207 |   4029 |   7 |  749.9 |
       Dungeon |   5248 |   5079 |    169 |    207 |   4029 |   6 |  874.7 |
        Temple |      1 |      1 |      0 |      0 |      0 |   1 |    1.0 |
               +--------+--------+--------+--------+--------+-----+--------+

Top non-repeatable levels by time:
     D:1: 1340 daAuts
     D:3: 1208 daAuts
     D:5: 1018 daAuts
     D:4: 830 daAuts
     D:2: 759 daAuts
     D:8: 90 daAuts
  Temple: 1 daAuts
